Cogmind - Beta 12 @@@ ROGUE MODE // 2023.04.11 @ 10:00:56 Player: Mr Goldstein Result: Self-destructed Performance ------------- Evolutions (1) 500 Regions Visited (2) 400 Robots Destroyed (0) 0 Value Destroyed (0) 0 Prototype IDs (0) 0 Alien Tech Used (0) 0 Bonus (200) 200 TOTAL SCORE: 1100 Bonus ------- Pacifist 200 Cogmind --------- Core Integrity 6/400 Matter 142/300 Energy 99/100 System Corruption 0% Temperature Cool (0) Movement Core (50) Location -9/Materials Parts ------- > --- POWER (1) -------- (None) > --- PROPULSION (2) --- (None) > --- UTILITY (4) ------ (None) > --- WEAPON (2) ------- (None) > --- INVENTORY (5) ---- System Shield System Shield System Shield System Shield Peak State ------------ > --- POWER ------------ (None) > --- PROPULSION ------- (None) > --- UTILITY ---------- (None) > --- WEAPON ----------- (None) > --- INVENTORY -------- System Shield System Shield System Shield System Shield [Rating: 1] Favorites ----------- Power None Propulsion None Utility None Weapon None Build | -11 -10 -9 ------- Run | Jun Mat Mat Slots Evolved 2 | . . 2 Power . | . . . Propulsion . | . . . Utility 2 | . . 2 Weapon . | . . . Parts Attached . | . . . Power . | . . . Engine . | . . . Core . | . . . Reactor . | . . . Propulsion . | . . . Treads . | . . . Leg . | . . . Wheel . | . . . Hover . | . . . Flight . | . . . Utility . | . . . Device . | . . . Storage . | . . . Processor . | . . . Hackware . | . . . Protection . | . . . Artifact . | . . . Weapon . | . . . Energy Gun . | . . . Energy Cannon . | . . . Ballistic Gun . | . . . Ballistic Cannon . | . . . Launcher . | . . . Special Weapon . | . . . Impact Weapon . | . . . Slashing Weapon . | . . . Piercing Weapon . | . . . Special Melee Weapon . | . . . Unidentified Prototypes . | . . . Parts Lost . | . . . Power . | . . . Propulsion . | . . . Utility . | . . . Weapon . | . . . Highest Loss Streak . | . . . To Critical Strikes . | . . . Average Slot Usage (%) . | . . . Naked Turns 98 | . 28 70 Heaviest Build . | . . . Greatest Support 3 | 3 3 3 Greatest Overweight (x) . | . . . Average Overweight (x) . | . . . Largest Inventory Capacity 5 | 5 5 5 Average Capacity 5 | 5 5 5 Most Carried 4 | . . 4 Average Carried . | . . . Final Capacity 5 | 5 5 5 Final Carried 4 | . . 4 Class Distribution -------------------- 100% | Mutant Dominant Class ---------------- Mutant | -10/Materials Mutant | -9/Materials Resources | -11 -10 -9 ----------- Run | Jun Mat Mat Matter Collected 35 | 35 . . Remotely . | . . . Salvage Created . | . . . Parts . | . . . Haulers Intercepted . | . . . Recyclers Shooed . | . . . Parts Field Recycled . | . . . Retrieved Matter . | . . . Parts Self-Destructed . | . . . Prevented . | . . . Kills | -11 -10 -9 ------- Run | Jun Mat Mat Combat Hostiles Destroyed . | . . . Classes Destroyed . | . . . Best Kill Streak . | . . . Combat Bots Only . | . . . Max Kills in Single Turn . | . . . Gunslinging . | . . . Exploded . | . . . Melee . | . . . Uniques/NPCs Destroyed . | . . . Combat | -11 -10 -9 -------- Run | Jun Mat Mat Damage Taken 444 | . 50 394 Core 444 | . 50 394 Absorbed by Shields . | . . . Core Remaining (%) 90 | 100 80 . Volleys Fired . | . . . Largest . | . . . Hottest . | . . . Shots Fired . | . . . Gun . | . . . Cannon . | . . . Launcher . | . . . Special . | . . . Kinetic . | . . . Thermal . | . . . Explosive . | . . . Electromagnetic . | . . . Robot Hit Streak . | . . . Robot Miss Streak . | . . . Penetration Max . | . . . Secondary Targets . | . . . Shots Hit Robots . | . . . Core Hits 1 | . . 1 Critical Kills . | . . . Critical Parts Destroyed . | . . . Critical Strikes . | . . . Melee Attacks . | . . . Impact . | . . . Slashing . | . . . Piercing . | . . . Sneak Attacks . | . . . Combat Hostiles . | . . . Follow-up Attacks . | . . . Damage Inflicted 17 | . . 17 Guns . | . . . Cannons . | . . . Explosions . | . . . Melee . | . . . Ramming 17 | . . 17 Kinetic . | . . . Thermal . | . . . Explosive . | . . . Electromagnetic . | . . . Impact . | . . . Slashing . | . . . Piercing . | . . . Highest Corruption 2 | . 2 . Average Corruption 2 | . 2 . Corruption Purged . | . . . Corruption Blocked . | . . . Overload Shots . | . . . Overflow Damage . | . . . Projectiles . | . . . Explosions . | . . . Melee . | . . . Knockbacks . | . . . Impact . | . . . Kinetic . | . . . Secondary . | . . . Self-Inflicted Damage 8 | . . 8 Shots . | . . . Rammed 2 | . . 2 Targets Rammed 2 | . . 2 Kicked . | . . . Crushed . | . . . Highest Temperature . | . . . Average Temperature . | . . . Received Heat Transfer 117 | . . 117 Siege Activations . | . . . Robots Corrupted . | . . . Combat Hostiles . | . . . Parts Fried . | . . . Impact Corruptions . | . . . Robots Melted . | . . . Combat Hostiles . | . . . Parts Melted . | . . . Heat Transferred . | . . . Parts Sabotaged . | . . . Parts Stolen . | . . . Parts Stripped . | . . . Power Chain Reactions . | . . . Missiles Intercepted . | . . . Alert | -11 -10 -9 ------- Run | Jun Mat Mat Peak Influence 95 | . 15 95 Initial 5 | . . 5 Average 34 | . 2 51 Maximum Alert Level . | . . . Low Security (%) 100 | 100 100 100 Level 1 . | . . . Level 2 . | . . . Level 3 . | . . . Level 4 . | . . . Level 5 . | . . . High Security . | . . . Max Security . | . . . Squads Dispatched . | . . . Investigation . | . . . Extermination . | . . . Reinforcement . | . . . Assault . | . . . Garrison . | . . . Intercept . | . . . Searches Triggered . | . . . Construction Impeded . | . . . Haulers Reinforced . | . . . Active Scanning Responses . | . . . Cargo Convoy Interrupts . | . . . Stealth | -11 -10 -9 --------- Run | Jun Mat Mat Distress Signals 1 | . . 1 Communications Jammed . | . . . Distress Signals . | . . . Times Spotted 20 | . 6 14 Peak Tracking Total 11 | . 6 11 Tactical Retreats 2 | . . 2 Traps | -11 -10 -9 ------- Run | Jun Mat Mat Traps Triggered 1 | . 1 . Indirectly . | . . . Trap Hack Attempts . | . . . Triggered . | . . . Disarmed . | . . . Reprogrammed . | . . . Reused . | . . . Traps Extracted . | . . . Installed . | . . . Triggered . | . . . Machines | -11 -10 -9 ---------- Run | Jun Mat Mat Machines Disabled . | . . . Max in Single Turn . | . . . Machines Repaired . | . . . Machines Sabotaged . | . . . Overloaded Fab Kills . | . . . Hacking | -11 -10 -9 --------- Run | Jun Mat Mat Machines Accessed 1 | . . 1 Terminals 1 | . . 1 Fabricators . | . . . Repair Stations . | . . . Recycling Units . | . . . Scanalyzers . | . . . Garrison Access . | . . . Total Hacks 1 | . . 1 Successful 1 | . . 1 Failed . | . . . Catastrophic . | . . . Database Lockouts . | . . . Manual 1 | . . 1 Terminals 1 | . . 1 Fabricators . | . . . Repair Stations . | . . . Recycling Units . | . . . Scanalyzers . | . . . Garrison Access . | . . . Terminal Hacks 1 | . . 1 Zone Layout 1 | . . 1 Fabricator Hacks . | . . . Repair Station Hacks . | . . . Recycling Unit Hacks . | . . . Scanalyzer . | . . . Garrison Access Hacks . | . . . Unauthorized Hacks . | . . . Terminals . | . . . Fabricators . | . . . Repair Stations . | . . . Recycling Units . | . . . Scanalyzers . | . . . Garrison Access . | . . . Data Cores Recovered . | . . . Used . | . . . Hacking Detections . | . . . Full Trace Events . | . . . Feedback Events . | . . . Feedback Blocked . | . . . Robot Schematics Acquired . | . . . Robots Built . | . . . Authchips . | . . . Time . | . . . Total Robot Build Rating . | . . . Part Schematics Acquired . | . . . Parts Built . | . . . Authchips . | . . . Time . | . . . Total Part Build Rating . | . . . Parts Repaired . | . . . Time . | . . . Parts Recycled . | . . . Recycled Matter . | . . . Retrieved Matter . | . . . Retrieved Components . | . . . Parts Scanalyzed . | . . . Part Schematics Acquired . | . . . Parts Damaged . | . . . Bothacking | -11 -10 -9 ------------ Run | Jun Mat Mat Used RIF Installer . | . . . Robots Hacked . | . . . Non-combat . | . . . Combat . | . . . Robot Hacks Applied . | . . . Relay Couplers Released . | . . . Fabnet Peak Effective % . | . . . Robots Rewired . | . . . Allies Hacked . | . . . Hacks Repelled . | . . . Allies | -11 -10 -9 -------- Run | Jun Mat Mat Total Allies . | . . . Largest Group . | . . . Highest-Rated Group . | . . . Highest-Rated Ally . | . . . Total Orders . | . . . Ally Attacks . | . . . Total Damage . | . . . Kills . | . . . Allies Corrupted . | . . . Allies Melted . | . . . Intel | -11 -10 -9 ------- Run | Jun Mat Mat Robot Analysis Total . | . . . Derelict Logs Recovered . | . . . Drone Launches . | . . . Drone Recoveries . | . . . Exploration | -11 -10 -9 ------------- Run | Jun Mat Mat Turns Passed 107 | 9 28 70 Spaces Moved 201 | 18 56 127 Core 201 | 18 56 127 Treads . | . . . Legs . | . . . Wheels . | . . . Hover . | . . . Flight . | . . . Fastest Speed 50 | 50 50 50 Average Speed 50 | 50 50 50 Slowest Speed 50 | 50 50 50 Overloaded Moves . | . . . Propulsion Burnouts . | . . . Robots Hopped . | . . . Cave-ins Triggered . | . . . Exploration Rate (%) 16 | 3 24 21 Regions Visited 2 Branch Regions . Pre-discovered Areas . | . . . Known Exits Taken . | . . . Unknown Exits Taken 2 | 1 1 . Scrap Searched . | . . . Spaces Dug . | . . . Terrain Destroyed . | . . . Melee . | . . . Projectile . | . . . AOE . | . . . Terrain Rammed . | . . . Walls Destroyed . | . . . Machines Disabled . | . . . Actions | -11 -10 -9 --------- Run | Jun Mat Mat Total 205 | 17 55 133 Wait . | . . . Move 199 | 17 55 127 Hop . | . . . Pick Up 4 | . . 4 Fast Attach . | . . . Attach . | . . . Detach . | . . . Swap . | . . . Drop . | . . . Fire . | . . . Melee . | . . . Ram 2 | . . 2 Kick . | . . . Crush . | . . . Escape Stasis . | . . . Rewire . | . . . Trap . | . . . Miscellaneous . | . . . Route ------- -11/Junkyard -10/Materials -9/Materials (discovered 2 exits: [*Min x2]) History --------- Turn | Location | Event 3 | -11/Junkyard | Discovered new exit (range 15) 10 | -11/Junkyard | Entered Materials 30 | -10/Materials | Discovered new exit (range 15) 38 | -10/Materials | Entered another Materials area 38 | -9/Materials | Evolved 2 slots: Utility x2 43 | -9/Materials | Discovered new exit (range 15) 68 | -9/Materials | Discovered new exit (range 12) 82 | -9/Materials | Core integrity fell below 50% 99 | -9/Materials | Core integrity fell below 20% 108 | -9/Materials | Self-destructed Last Messages --------------- 00037_ S-10 Pest destroyed. PARAMETERS=UTILITY+2 LOCATION=UNKNOWN GOAL=ESCAPE 00043_ Connecting with Terminal... 00043_ Current location identified: Materials 00043_ EXIT=FOUND >>Layout(Zone) Retrieving Zone 4K layout... Downloaded map data. 00047_ S-10 Pest destroyed. 00056_ K-01 Serf collects debris. 00058_ S-10 Pest destroyed. 00059_ Critical hit (Burn: +37). 00068_ EXIT=FOUND 00070_ Slammed into W-16 Scout. 00081_ Critical hit (Burn: +37). 00088_ Slammed into R-06 Scavenger. 00091_ Acquired System Shield. 00101_ K-01 Serf collects debris. Map ----- +----------------------------------------------------+ | ??????????????????????????????????????????? | | ?????? ??????????????????????????????????? | | ?????? ??????????????????????????????????? | | ?????? ??????????????????????????????????? | | ????? ""????????????????????????????????? | | ?????? ""????????????????????????????????? | | ??????? ""????????????????????????????????? | | ??????? ????????????????????????????????? | | ??????? ????????????????????????????????? | | ?????###+###??????????????????????????????? | | ###### #??????????????????????????????? | | #??????????????????????????????? | | #??????????????????????????????? | | #??????????????????????????????? | | ###### #??????????????????????????????? | | ?????## ##??????????????????????????????? | | ??????# #?????????????????????"?????????? | | ???#### #????????????????????""#????????? | | ???+ #??????????????????? ""?????????? | | ???#### #??###+###????????? ??????????? | | ??????## ##??# ##########+####????????? | | ???????# #???# ka #????????? | | ???????# #???# +????????? | | ???????# #???# #????????? | | ???????# #???# #????????? | | ???????# #???# @ #????????? | | ???????# #???# ss #????????? | | ???##### #???# s############## #????????? | | ???#]] #???# #???????????????????????? | | ???#]] #???# #???????????????????????? | | ???# #???# #???????????????????????? | | ???# ##### #???????????????????????? | | ???#== #???????????????????????? | | ???#== + ?????????????????????? | | ???##### # ??????????????????????? | | ???????# #### #???????????????????????? | | ???????# #??# #???????????????????????? | | ???????# #??# #???????????????????????? | | ???????# #??# #???????????????????????? | | ???????# #??# ???????????????????????? | | ???????# #??# ??????????????????????? | | ???????# #??# ?????????????????????? | | ??????? ??##+#####????????????????????? | | ??????? ??????????????????????????????? | | ?????? T ??????????????????????????????? | | ?????? #?????????????????????????????? | | ?????## #?????????????????????????????? | | ??????#######?????????????????????????????? | | ??????????????????????????????????????????? | | ??????????????????????????????????????????? | +----------------------------------------------------+ Best States ------------- Heat Dissipation 28 Energy Generation 5 Energy Capacity 100 Matter Stores 142 Matter Capacity 300 Sight Range 16 Terrain Scan Density 10 Evasion (%) 50 Item Schematics ----------------- None Robot Schematics ------------------ None Fabricated ------------ Nothing Alien Tech Used ----------------- None Achievements -------------- None Challenges ------------ None Game ------ Seed IonicGodJammer Manual? 0 Play Time 00:02:16 Cumulative 93.7 hours Start 2023.04.11 @ 09:59:32 End 2023.04.11 @ 10:00:56 Sessions 1 Manual Loads 0 Difficulty Rogue Special Mode None Game No. 170 Rogue 170 Adventurer 0 Explorer 0 Win Type - Total 2 Types 2/0/0/0/0/0/0/0/0 Lore% 55 Gallery% 57 Achievement% 46 Wizard Run 0 Options --------- ASCII 0 Keyboard 0 Movement Numpad Keybinds 0 Fullscreen 1 Font 12/Smallcaps Map View 83x54 Tactical HUD 1 Map Filters NONE Filters NONE Steam 1 RUN: d4dbc044-554a-41dd-afda-5cd79440a356